 Dungeon Crawl Stone Soup version 0.29-a0-91-gdebf4667c2 (webtiles) character file.

Game seed: 3194022154764199317

46 lordive the Sneak (level 3, -1/19 HPs)
             Began as a Kobold Enchanter on Feb 7, 2022.
             Slain by a hobgoblin (3 damage)
             ... on level 2 of the Dungeon.
             The game lasted 00:02:56 (1521 turns).

lordive the Sneak (Kobold Enchanter)                Turns: 1521, Time: 00:02:57

Health: -1/19      AC:  3    Str:  5    XL:     3   Next: 92%
Magic:  6/6        EV: 15    Int: 18    God:
Gold:   37         SH:  0    Dex: 15    Spells: 2/7 levels left

rFire   . . .      SeeInvis .   a - +1 dagger
rCold   . . .      Faith    .   (no shield)
rNeg    . . .      Spirit   .   b - +0 robe
rPois   .          Reflect  .   g - +0 helmet
rElec   .          Harm     .   (no cloak)
rCorr   .          Rampage  .   (no gloves)
Will    .....                   (no boots)
Stlth   ++++......              (no amulet)
HPRegen 0.06/turn               (no ring)
MPRegen 0.10/turn               (no ring)

@: no status effects
A: small, no large weapons, nightstalker 3
a: no special abilities


You were on level 2 of the Dungeon.
You visited 1 branch of the dungeon, and saw 2 of its levels.

You collected 37 gold pieces.

Inventory:

Hand Weapons
 a - a +1 dagger (weapon)
Armour
 b - a +0 robe (worn)
 g - a +0 helmet (worn)
Jewellery
 h - a ring of ice
Scrolls
 d - 3 scrolls of identify {unknown}
 f - 2 scrolls of teleportation {unknown}
 j - a scroll of enchant armour {unknown}
Potions
 c - a potion of invisibility
 e - a potion of curing {unknown}
 i - a potion of attraction {unknown}


   Skills:
 + Level 1.3 Short Blades
 + Level 2.9 Dodging
 + Level 4.8 Stealth
 + Level 2.5 Spellcasting
 + Level 3.5 Hexes
 + Level 0.3 Ice Magic


You had 2 spell levels left.
You knew the following spells:

 Your Spells              Type           Power      Damage    Failure   Level
a - Ensorcelled Hibernat  Hex/Ice        18%        N/A       12%         2
b - Confusing Touch       Hex            15%        N/A       12%         3

Your spell library contained the following spells:

 Spells                   Type           Power      Damage    Failure   Level
 Tukima's Dance           Hex            15%        N/A       12%         3
 Dazzling Flash           Conj/Hex       16%        N/A       26%         3


Dungeon Overview and Level Annotations

Branches:
Dungeon (2/15)

Altars:

Shops:
D:1 *   D:2 [**


Innate Abilities, Weirdness & Mutations

You are small and have problems with some larger weapons.
You are completely attuned to the shadows.


Message History

You closely miss the hobgoblin. The hobgoblin closely misses you.
The goblin hits you with a +0 dagger.
You hit the hobgoblin but do no damage. The hobgoblin barely misses you.
The goblin completely misses you.
You hit the hobgoblin.
The hobgoblin is lightly wounded.
The hobgoblin barely misses you. The goblin hits you with a +0 dagger.
You closely miss the hobgoblin.
The hobgoblin is lightly wounded.
The hobgoblin barely misses you. The goblin completely misses you.
You hit the hobgoblin but do no damage.
The hobgoblin is lightly wounded.
The hobgoblin misses you. The goblin hits you but does no damage.
You hit the hobgoblin but do no damage.
The hobgoblin is lightly wounded.
The hobgoblin misses you.
You hit the hobgoblin but do no damage.
The hobgoblin is lightly wounded.
The goblin completely misses you. The hobgoblin completely misses you.
You barely miss the hobgoblin.
The hobgoblin is lightly wounded.
The goblin hits you with a +0 dagger.
You closely miss the hobgoblin.
The hobgoblin is lightly wounded.
The hobgoblin closely misses you. The goblin hits you with a +0 dagger.
You hit the hobgoblin but do no damage.
The hobgoblin is lightly wounded.
The hobgoblin hits you.
* * * LOW HITPOINT WARNING * * *
The goblin barely misses you.
You completely miss the hobgoblin.
The hobgoblin is lightly wounded.
The hobgoblin hits you.
* * * LOW HITPOINT WARNING * * *
The goblin hits you but does no damage.
A rat comes into view.
You barely miss the hobgoblin.
The hobgoblin is lightly wounded.
The hobgoblin hits you.
You die...

..≈♣≈.≈PPP
.≈≈≈≈.≈≈≈P
.≈≈≈≈.≈P≈♣
#P≈≈P.≈≈≈♣
#♣≈≈≈.≈≈P≈
.≈≈≈≈.≈P♣#
##♣≈≈.≈♣#
#≈≈.♣###########
............).g@#
.###...########g#
##### ...#g#
#.#S#####
#.rw....#
≈♣.......#
≈≈P.......
P≈♣......#
≈≈≈.'..###


You could see an adder, a dart slug, 2 hobgoblins, a goblin and a rat
(wandering).

Vanquished Creatures
  2 worms (D:2)
  A dart slug (D:1)
  3 ball pythons
  7 bats
  An endoplasm (D:1)
  2 giant cockroaches (D:1)
  4 goblins
  3 hobgoblins
  2 jackals (D:2)
  A kobold (D:1)
  A quokka (D:1)
  4 rats (D:1)
31 creatures vanquished.

Vanquished Creatures (others)
  30 plants (D:2)
30 creatures vanquished.

Grand Total: 61 creatures vanquished

Notes
Turn   | Place    | Note
-------+----------+-------------------------------------------
     0 | D:1      | lordive the Kobold Enchanter began the quest for the Orb.
     0 | D:1      | Reached XP level 1. HP: 10/10 MP: 3/3
    33 | D:1      | Found Yskit's General Store.
    74 | D:1      | Reached XP level 2. HP: 15/15 MP: 5/5
   379 | D:1      | Reached XP level 3. HP: 19/19 MP: 6/6
   382 | D:1      | Learned a level 2 spell: Ensorcelled Hibernation
   386 | D:1      | Learned a level 3 spell: Confusing Touch
   905 | D:2      | Found Hudaocenal's Assorted Antiques.
   949 | D:2      | Found Pinoun's Armour Shoppe.
   986 | D:2      | Found Qoih Borch's General Store.
  1521 | D:2      | Slain by a hobgoblin

Illustrated notes

Levels and vault maps discovered:
D:1:      tarquinn_simple_flora_water_f, layout_loops_ring, serial_shops, shop,
          minmay_tromino_v2
D:2:      layout_basic, serial_shops, shop, shop, shop_statue,
          nicolae_shop_stone, nicolae_shop_statue_plus,
          shapermc_ecumenical_altar_flowoftime, serial_bayou,
          serial_bayou_pond_a, serial_bayou_lagoon_b, serial_bayou_ford_a,
          serial_bayou_shore_b

Action                   || total
-------------------------++-------
Melee: Dagger            ||    88
 Cast: Ensorcelled Hiber ||    12
 Stab: Sleeping          ||    23
Armor: Robe              ||    13
Dodge: Dodged            ||    58

Table legend: (Time is in decaauts)
 A = Elapsed time spent in this place.
 B = Non-inter-level travel time spent in this place.
 C = Inter-level travel time spent in this place.
 D = Time resting spent in this place.
 E = Time spent auto-exploring this place.
 F = Levels seen in this place.
 G = Mean time per level.
                   A        B        C        D        E       F      G
               +--------+--------+--------+--------+--------+-----+--------+
         Total |   1530 |   1426 |    104 |     61 |   1096 |   2 |  765.0 |
       Dungeon |   1530 |   1426 |    104 |     61 |   1096 |   2 |  765.0 |
               +--------+--------+--------+--------+--------+-----+--------+

Top non-repeatable levels by time:
     D:1: 894 daAuts
     D:2: 635 daAuts
